TOP OF THE 1ST |
Lansing Lugnuts batting - Pitching for Lexington Legends : RHP Chris Irvin
|
Pitching: RHP Chris Irvin
|
|
Batting: LHB Tatsuyuki Yamada
|
0-0: Ball 1-0: Called Strike 1-1: Called Strike 1-2: Ball 2-2: Ball 3-2: Base on Balls
|
Batting: LHB Jon Schick
|
0-0: Ball 1-0: Ball 2-0: Foul Ball, location: 2F 2-1: Fly out, F5 (Line Drive, 5, EV 68.1 MPH)
|
Batting: LHB Joe Kivett
|
0-0: Called Strike Tatsuyuki Yamada steals 2nd base 0-1: Ground out 4-3 (Groundball, 4, EV 90.0 MPH) Tatsuyuki Yamada to third
|
Batting: SHB Zory Larikov
|
0-0: Called Strike 0-1: Foul Ball, location: 2F 0-2: Ball 1-2: Ball 2-2: SINGLE (Groundball, 6, EV 105.0 MPH) Tatsuyuki Yamada scores
|
Batting: RHB Jaime Lehman
|
0-0: Called Strike Zory Larikov steals 2nd base 0-1: Ball 1-1: Ball 2-1: Ground out 2-3 (Groundball, 2R, EV 71.3 MPH)
|
Top of the 1st over - 1 run, 1 hit, 0 errors, 1 left on base; Lansing 1 - Lexington 0 |
BOTTOM OF THE 1ST |
Lexington Legends batting - Pitching for Lansing Lugnuts : RHP Larry Legros
|
Pitching: RHP Larry Legros
|
|
Batting: RHB Edgar Castillo
|
0-0: Ball 1-0: Reached on error, E5 (Groundball, 5S, EV 43.8 MPH)
|
Batting: LHB Frank Hill
|
0-0: SINGLE (Groundball, 25, EV 70.6 MPH) (infield hit) Edgar Castillo to third
|
Batting: LHB Bill Baconneck
|
0-0: Called Strike Frank Hill is caught stealing 2nd base 2-6 0-1: Called Strike 0-2: Strikes out swinging, 2-3 out at first.
|
Batting: RHB Dante McCauley
|
0-0: Foul Ball, location: 2F 0-1: Foul Ball, location: 2F 0-2: Foul Ball, location: 2F 0-2: Ball 1-2: Ball 2-2: Foul Ball, location: 2F 2-2: Ground out 6-3 (Groundball, 6, EV 95.0 MPH)
|
Bottom of the 1st over - 0 runs, 1 hit, 1 error, 1 left on base; Lansing 1 - Lexington 0 |
TOP OF THE 2ND |
Lansing Lugnuts batting - Pitching for Lexington Legends : RHP Chris Irvin
|
Batting: RHB Harvey Hooper
|
0-0: Called Strike 0-1: Swinging Strike 0-2: Ground out 5-3 (Groundball, 5L, EV 107.5 MPH)
|
Batting: RHB Danny Heyer
|
0-0: Ball 1-0: Foul Ball, location: 2F 1-1: SINGLE (Groundball, 5D, EV 103.1 MPH)
|
Batting: RHB Jorge Baret
|
0-0: Swinging Strike 0-1: Fly out, F3 (Popup, 3L, EV 76.3 MPH)
|
Batting: RHB Juan Aleman
|
0-0: Called Strike 0-1: Fly out, F8 (Flyball, 8RM, EV 88.1 MPH)
|
Top of the 2nd over - 0 runs, 1 hit, 0 errors, 1 left on base; Lansing 1 - Lexington 0 |
BOTTOM OF THE 2ND |
Lexington Legends batting - Pitching for Lansing Lugnuts : RHP Larry Legros
|
Batting: SHB Gil Switzer
|
0-0: Called Strike 0-1: Ball 1-1: Fly out, F7 (Flyball, 7D, EV 100.0 MPH)
|
Batting: SHB Dan Langston
|
0-0: Called Strike 0-1: Foul Ball, location: 2F 0-2: Ground out 4-3 (Groundball, 4, EV 86.9 MPH)
|
Batting: RHB Pete Deschamps
|
0-0: Ground out 6-3 (Groundball, 6, EV 91.3 MPH)
|
Bottom of the 2nd over - 0 runs, 0 hits, 0 errors, 0 left on base; Lansing 1 - Lexington 0 |
TOP OF THE 3RD |
Lansing Lugnuts batting - Pitching for Lexington Legends : RHP Chris Irvin
|
Batting: LHB Tatsuyuki Yamada
|
0-0: Ball 1-0: SOLO HOME RUN (Flyball, 9D, EV 100.6 MPH), Distance : 372 ft
|
Batting: LHB Jon Schick
|
0-0: Foul Ball, location: 2F 0-1: Ball 1-1: Called Strike 1-2: Ground out 4-3 (Groundball, 4, EV 89.4 MPH)
|
Batting: LHB Joe Kivett
|
0-0: Called Strike 0-1: Fly out, F9 (Flyball, 9, EV 84.4 MPH)
|
Batting: SHB Zory Larikov
|
0-0: Ball 1-0: Ball 2-0: Ball 3-0: Called Strike 3-1: Base on Balls
|
Batting: RHB Jaime Lehman
|
0-0: Called Strike Zory Larikov steals 2nd base (no throw) 0-1: Ball 1-1: Swinging Strike 1-2: Strikes out swinging
|
Top of the 3rd over - 1 run, 1 hit, 0 errors, 1 left on base; Lansing 2 - Lexington 0 |
BOTTOM OF THE 3RD |
Lexington Legends batting - Pitching for Lansing Lugnuts : RHP Larry Legros
|
Batting: RHB Jerry Castillo
|
0-0: Called Strike 0-1: Ball 1-1: Ball 2-1: Foul Ball, location: 2F 2-2: Ball 3-2: Base on Balls
|
Batting: RHB Egidius Kruger
|
0-0: Fly out, F9 (Line Drive, 9, EV 92.5 MPH)
|
Batting: RHB Edgar Castillo
|
0-0: Ball 1-0: Ball 2-0: Grounds into double play, 4-6-3 (Groundball, 13, EV 92.5 MPH)
|
Bottom of the 3rd over - 0 runs, 0 hits, 0 errors, 0 left on base; Lansing 2 - Lexington 0 |
TOP OF THE 4TH |
Lansing Lugnuts batting - Pitching for Lexington Legends : RHP Chris Irvin
|
Batting: RHB Harvey Hooper
|
0-0: Ball 1-0: Called Strike 1-1: Ball 2-1: Ball 3-1: Foul Ball, location: 2F 3-2: Base on Balls
|
Batting: RHB Danny Heyer
|
0-0: Ball 1-0: Foul Ball, location: 2F 1-1: Ball 2-1: Called Strike 2-2: Strikes out swinging
|
Batting: RHB Jorge Baret
|
0-0: Ball 1-0: Ball 2-0: Ball 3-0: Called Strike 3-1: Fielders Choice at 2nd, 5-4 (Groundball, 56, EV 90.6 MPH)
|
Batting: RHB Juan Aleman
|
0-0: Ball 1-0: Fly out, F6 (Popup, 6S, EV 80.6 MPH)
|
Top of the 4th over - 0 runs, 0 hits, 0 errors, 1 left on base; Lansing 2 - Lexington 0 |
BOTTOM OF THE 4TH |
Lexington Legends batting - Pitching for Lansing Lugnuts : RHP Larry Legros
|
Batting: LHB Frank Hill
|
0-0: Ball 1-0: Foul Ball, location: 2F 1-1: Swinging Strike 1-2: Strikes out swinging
|
Batting: LHB Bill Baconneck
|
0-0: Ball 1-0: Called Strike 1-1: Ball 2-1: Foul Ball, location: 2F 2-2: Strikes out swinging
|
Batting: RHB Dante McCauley
|
0-0: Ball 1-0: Swinging Strike 1-1: Swinging Strike 1-2: Ball 2-2: Fly out, F7 (Flyball, 78D, EV 96.9 MPH)
|
Bottom of the 4th over - 0 runs, 0 hits, 0 errors, 0 left on base; Lansing 2 - Lexington 0 |
TOP OF THE 5TH |
Lansing Lugnuts batting - Pitching for Lexington Legends : RHP Chris Irvin
|
Batting: LHB Tatsuyuki Yamada
|
0-0: Ball 1-0: Called Strike 1-1: Fly out, F8 (Flyball, 78S, EV 76.9 MPH)
|
Batting: LHB Jon Schick
|
0-0: Called Strike 0-1: Ball 1-1: Called Strike 1-2: Ball 2-2: Ball 3-2: Foul Ball, location: 2F 3-2: SINGLE (Groundball, 34D, EV 105.6 MPH) (infield hit)
|
Batting: LHB Joe Kivett
|
0-0: Called Strike 0-1: Ball 1-1: Swinging Strike 1-2: Ball Jon Schick steals 2nd base (no throw) 2-2: Foul Ball, location: 2F 2-2: Fly out, F8 (Flyball, 8RXD, EV 96.3 MPH) Runner from 2nd tags up, SAFE at 3rd, no throw by CF
|
Batting: SHB Zory Larikov
|
0-0: Ground out 1-3 (Groundball, 13S, EV 70.0 MPH)
|
Top of the 5th over - 0 runs, 1 hit, 0 errors, 1 left on base; Lansing 2 - Lexington 0 |
BOTTOM OF THE 5TH |
Lexington Legends batting - Pitching for Lansing Lugnuts : RHP Larry Legros
|
Batting: SHB Gil Switzer
|
0-0: Ball 1-0: Swinging Strike 1-1: Foul Ball, location: 2F 1-2: Ball 2-2: Ball 3-2: Ground out 4-3 (Groundball, 4, EV 78.8 MPH)
|
Batting: SHB Dan Langston
|
0-0: Ball 1-0: Ground out U3 (Groundball, 3, EV 90.6 MPH)
|
Batting: RHB Pete Deschamps
|
0-0: Swinging Strike 0-1: Called Strike 0-2: Strikes out looking
|
Bottom of the 5th over - 0 runs, 0 hits, 0 errors, 0 left on base; Lansing 2 - Lexington 0 |
TOP OF THE 6TH |
Lansing Lugnuts batting - Pitching for Lexington Legends : RHP Chris Irvin
|
Batting: RHB Jaime Lehman
|
0-0: Ball 1-0: Foul Ball, location: 2F 1-1: Foul Ball, location: 2F 1-2: Ball 2-2: Foul Ball, location: 2F 2-2: Ball 3-2: Foul Ball, location: 2F 3-2: Base on Balls
|
Pitching: RHP Vinny Reveles
|
|
Batting: RHB Harvey Hooper
|
0-0: Ball Jaime Lehman steals 2nd base (no throw) 1-0: Fly out, F8 (Flyball, 8RD, EV 92.5 MPH) Runner from 2nd tags up, SAFE at 3rd with throw by CF
|
Batting: RHB Danny Heyer
|
0-0: SINGLE (Flyball, 4D, EV 89.4 MPH) Jaime Lehman scores
|
Batting: RHB Jorge Baret
|
0-0: Ground out 5-3 (Groundball, 5, EV 99.4 MPH) Danny Heyer to second
|
Batting: RHB Juan Aleman
|
0-0: Swinging Strike 0-1: Ball 1-1: Foul Ball, location: 2F 1-2: Foul Ball, location: 2F 1-2: Foul Ball, location: 2F 1-2: SINGLE (Flyball, 89S, EV 96.9 MPH) Danny Heyer to third Runner from 3rd tries for Home, SAFE, throw by RF to home
|
Batting: LHB Tatsuyuki Yamada
|
0-0: Foul Ball, location: 2F 0-1: Ball Juan Aleman is caught stealing 2nd base 2-6
|
Top of the 6th over - 2 runs, 2 hits, 0 errors, 0 left on base; Lansing 4 - Lexington 0 |
BOTTOM OF THE 6TH |
Lexington Legends batting - Pitching for Lansing Lugnuts : RHP Larry Legros
|
Batting: RHB Jerry Castillo
|
0-0: Ball 1-0: Called Strike 1-1: Ball 2-1: Ball 3-1: Ground out 4-3 (Groundball, 34, EV 76.9 MPH)
|
Batting: RHB Egidius Kruger
|
0-0: SINGLE (Line Drive, 7S, EV 103.8 MPH)
|
Batting: RHB Edgar Castillo
|
0-0: Called Strike Egidius Kruger is caught stealing 2nd base 2-4 0-1: Called Strike 0-2: Ball 1-2: Ball 2-2: Strikes out swinging
|
Bottom of the 6th over - 0 runs, 1 hit, 0 errors, 0 left on base; Lansing 4 - Lexington 0 |
TOP OF THE 7TH |
Lansing Lugnuts batting - Pitching for Lexington Legends : RHP Vinny Reveles
|
Batting: LHB Tatsuyuki Yamada
|
0-0: Ball 1-0: Ball 2-0: Swinging Strike 2-1: Called Strike 2-2: Strikes out swinging, 2-3 out at first.
|
Batting: LHB Jon Schick
|
0-0: Ground out 6-3 (Groundball, 6, EV 108.1 MPH)
|
Batting: LHB Joe Kivett
|
0-0: Called Strike 0-1: Foul Ball, location: 2F 0-2: Ball 1-2: Ball 2-2: Ball 3-2: SOLO HOME RUN (Flyball, 7D, EV 107.5 MPH), Distance : 394 ft
|
Batting: SHB Zory Larikov
|
0-0: Ball 1-0: Ball 2-0: Ball 3-0: Base on Balls
|
Batting: RHB Jaime Lehman
|
0-0: Called Strike Zory Larikov steals 2nd base 0-1: Foul Ball, location: 2F 0-2: Strikes out looking
|
Top of the 7th over - 1 run, 1 hit, 0 errors, 1 left on base; Lansing 5 - Lexington 0 |
BOTTOM OF THE 7TH |
Lexington Legends batting - Pitching for Lansing Lugnuts : RHP Larry Legros
|
Batting: LHB Frank Hill
|
0-0: Foul Ball, location: 2F 0-1: Fly out, F8 (Flyball, 89S, EV 79.4 MPH)
|
Batting: LHB Bill Baconneck
|
0-0: Called Strike 0-1: Ball 1-1: Ball 2-1: Ball 3-1: Called Strike 3-2: SOLO HOME RUN (Flyball, 9LD, EV 96.9 MPH), Distance : 364 ft
|
Batting: RHB Dante McCauley
|
0-0: Called Strike 0-1: Foul Ball, location: 2F 0-2: Ball 1-2: Ball 2-2: Foul Ball, location: 2F 2-2: Ball 3-2: Strikes out swinging
|
Batting: SHB Gil Switzer
|
0-0: Called Strike 0-1: SINGLE (Groundball, 56S, EV 67.5 MPH) (infield hit)
|
Batting: SHB Dan Langston
|
0-0: Ball 1-0: Ball 2-0: Ball 3-0: Base on Balls Gil Switzer to second
|
Pitching: RHP Adam Rasmussen
|
|
Batting: RHB Pete Deschamps
|
0-0: Ball 1-0: Called Strike 1-1: Swinging Strike 1-2: Strikes out looking
|
Bottom of the 7th over - 1 run, 2 hits, 0 errors, 2 left on base; Lansing 5 - Lexington 1 |
TOP OF THE 8TH |
Lansing Lugnuts batting - Pitching for Lexington Legends : RHP Vinny Reveles
|
Batting: RHB Harvey Hooper
|
0-0: Swinging Strike 0-1: Ball 1-1: Called Strike 1-2: Foul Ball, location: 2F 1-2: Foul Ball, location: 2F 1-2: Ball 2-2: Ball 3-2: Foul Ball, location: 2F 3-2: SINGLE (Line Drive, 4M, EV 110.6 MPH)
|
Batting: RHB Danny Heyer
|
0-0: Called Strike Harvey Hooper steals 2nd base 0-1: Foul Ball, location: 2F 0-2: Hit by Pitch
|
Batting: RHB Jorge Baret
|
0-0: Bunt missed! 0-1: Ball 1-1: Ball 2-1: Sac Bunt to 2L - play at first, batter OUT! 2-4 Harvey Hooper to third Danny Heyer to second
|
Pitching: RHP Michel van Kampen
|
|
Batting: RHB Juan Aleman
|
0-0: Called Strike 0-1: Foul Ball, location: 2F 0-2: Foul Ball, location: 2F 0-2: SINGLE (Groundball, 6, EV 101.9 MPH) Harvey Hooper scores Danny Heyer to third Runner from 3rd tries for Home, SAFE, throw by CF to home
|
Batting: LHB Tatsuyuki Yamada
|
0-0: Called Strike Juan Aleman steals 2nd base 0-1: Ball 1-1: Ball 2-1: 2-RUN HOME RUN (Flyball, 89XD, EV 108.8 MPH), Distance : 430 ft
|
Batting: LHB Jon Schick
|
0-0: Called Strike 0-1: Ball 1-1: Ground out 4-3 (Groundball, 4, EV 109.4 MPH)
|
Batting: LHB Joe Kivett
|
0-0: Called Strike 0-1: SINGLE (Flyball, 34D, EV 86.3 MPH)
|
Batting: SHB Zory Larikov
|
0-0: Ball 1-0: SINGLE (Groundball, 56, EV 88.1 MPH) (infield hit) Joe Kivett to second
|
Batting: RHB Jaime Lehman
|
0-0: Ball 1-0: Ball 2-0: Ball 3-0: Called Strike 3-1: Foul Ball, location: 2F 3-2: Base on Balls Joe Kivett to third Zory Larikov to second
|
Batting: RHB Harvey Hooper
|
0-0: Ball 1-0: Foul Ball, location: 2F 1-1: Fielders Choice at 2nd, U4 (Groundball, 4M, EV 85.0 MPH)
|
Top of the 8th over - 4 runs, 5 hits, 0 errors, 3 left on base; Lansing 9 - Lexington 1 |
BOTTOM OF THE 8TH |
Lexington Legends batting - Pitching for Lansing Lugnuts : RHP Adam Rasmussen
|
Batting: RHB Jerry Castillo
|
0-0: Foul Ball, location: 2F 0-1: Foul Ball, location: 2F 0-2: Strikes out swinging
|
Pinch Hitting: LHB Nate Trahan
|
0-0: Foul Ball, location: 2F 0-1: Ball 1-1: Called Strike 1-2: Ball 2-2: Foul Ball, location: 2F 2-2: Ball 3-2: Base on Balls
|
Pinch Hitting: RHB Mario Trujillo
|
0-0: Called Strike 0-1: Called Strike 0-2: Fielders Choice at 2nd, 5-4 (Groundball, 56, EV 86.3 MPH)
|
Pinch Hitting: RHB Bryan Alfaro
|
0-0: Ball 1-0: Ball 2-0: Foul Ball, location: 2F 2-1: Called Strike 2-2: Foul Ball, location: 2F 2-2: Ground out 4-3 (Groundball, 4S, EV 83.8 MPH)
|
Bottom of the 8th over - 0 runs, 0 hits, 0 errors, 1 left on base; Lansing 9 - Lexington 1 |
TOP OF THE 9TH |
Lansing Lugnuts batting - Pitching for Lexington Legends : RHP Michel van Kampen
|
Now at 3B: Bryan Alfaro
|
|
Now in CF: Mario Trujillo
|
|
Now in RF: Nate Trahan
|
|
Batting: RHB Danny Heyer
|
0-0: Called Strike 0-1: Called Strike 0-2: Strikes out swinging
|
Batting: RHB Jorge Baret
|
0-0: Ball 1-0: Foul Ball, location: 2F 1-1: SINGLE (Groundball, 25, EV 73.1 MPH) (infield hit)
|
Batting: RHB Juan Aleman
|
0-0: Ball 1-0: Ball 2-0: TRIPLE (Line Drive, 89XD, EV 96.3 MPH) Jorge Baret scores
|
Batting: LHB Tatsuyuki Yamada
|
0-0: Ball 1-0: Ground out 1-3 (Groundball, P, EV 75.0 MPH)
|
Batting: LHB Jon Schick
|
0-0: Ball 1-0: Called Strike 1-1: Ball 2-1: DOUBLE (Line Drive, 7LD, EV 101.3 MPH) Juan Aleman scores
|
Batting: LHB Joe Kivett
|
|
Pinch Hitting: LHB Enrique Andrade
|
0-0: Called Strike 0-1: Swinging Strike 0-2: Foul Ball, location: 2F 0-2: Strikes out swinging
|
Top of the 9th over - 2 runs, 3 hits, 0 errors, 1 left on base; Lansing 11 - Lexington 1 |
BOTTOM OF THE 9TH |
Lexington Legends batting - Pitching for Lansing Lugnuts : RHP Adam Rasmussen
|
Now in LF: Enrique Andrade
|
|
Pinch Hitting: RHB Ray Finkle
|
0-0: Ground out U3 (Groundball, 34, EV 87.5 MPH)
|
Batting: RHB Dante McCauley
|
0-0: Ball 1-0: Ball 2-0: Called Strike 2-1: Foul Ball, location: 2F 2-2: Foul Ball, location: 5F, Error on foul ball, E5 2-2: SINGLE (Groundball, 6MD, EV 96.3 MPH)
|
Batting: SHB Gil Switzer
|
0-0: Called Strike 0-1: Ball 1-1: Ball Wild Pitch! Dante McCauley to second 2-1: Swinging Strike 2-2: Ground out 6-3 (Groundball, 6, EV 90.0 MPH)
|
Batting: SHB Dan Langston
|
0-0: Called Strike 0-1: Swinging Strike 0-2: Strikes out swinging
|
Bottom of the 9th over - 0 runs, 1 hit, 1 error, 1 left on base; Lansing 11 - Lexington 1 |
|